 Dungeon Crawl Stone Soup version 0.29-a0-422-gafbd6decc1 (webtiles) character file.

Game seed: 6054204719977395130

2482 hquester the Skirmisher (level 9, -3/93 HPs)
             Began as a Troll Monk on May 18, 2022.
             Was a Believer of Okawaru.
             Slain by Erica
             ... wielding a +2 scimitar of flaming
              (11 damage)
             ... on level 8 of the Dungeon.
             The game lasted 00:24:41 (5698 turns).

hquester the Skirmisher (Troll Monk)                Turns: 5698, Time: 00:24:42

Health: -3/93      AC:  8    Str: 21    XL:     9   Next: 27%
Magic:  8/8        EV: 12    Int:  6    God:    Okawaru [**....]
Gold:   339        SH:  0    Dex: 16    Spells: 8/8 levels left

rFire   . . .      SeeInvis .     - Unarmed
rCold   . . .      Faith    +   (no shield)
rNeg    . . .      Spirit   .   a - +1 robe
rPois   .          Reflect  .   (helmet restricted)
rElec   .          Harm     .   o - +2 cloak
rCorr   .          Rampage  .   (gloves unavailable)
Will    .....                   (boots unavailable)
Stlth   ++........              u - amulet of faith
HPRegen 1.05/turn               (no ring)
MPRegen 0.11/turn               (no ring)

@: slowed, very slow
A: large, unfitting armour, claws 3, regeneration 1, shaggy fur 1, tough skin 1
a: Renounce Religion, Heroism


You were on level 8 of the Dungeon.
You worshipped Okawaru.
Okawaru was pleased with you.
You visited 2 branches of the dungeon, and saw 9 of its levels.

You collected 402 gold pieces.
You spent 63 gold pieces at shops.

Inventory:

Armour
 a - a +1 robe (worn)
 o - a +2 cloak (worn)
Jewellery
 l - an amulet of magic regeneration
 u - an amulet of faith (around neck)
 y - an amulet of guardian spirit
Wands
 h - a wand of flame (17)
 q - a wand of mindburst (8)
 r - a wand of iceblast (3)
 t - a wand of paralysis (6)
Scrolls
 g - 3 scrolls of teleportation
 j - 2 scrolls of fear
 p - 2 scrolls of brand weapon
 v - 3 scrolls of amnesia
 w - a scroll of immolation {unknown}
 x - a scroll of fog
 A - a scroll of magic mapping {unknown}
Potions
 b - a potion of ambrosia
 c - a potion of cancellation {unknown}
 d - 2 potions of flight
 e - 3 potions of attraction
 i - 3 potions of resistance
 k - a potion of haste {unknown}
 m - 2 potions of curing
 s - 2 potions of magic
 z - a potion of mutation {unknown}


   Skills:
 * Level 7.4 Fighting
 + Level 2.4 Armour
 + Level 5.6 Dodging
 - Level 1.4 Stealth
 + Level 6.7 Unarmed Combat


You had 8 spell levels left.
You didn't know any spells.
Your spell library contained the following spells:

 Spells                   Type           Power      Damage    Failure   Level
 Blink                    Tloc           0%         N/A       58%         2
 Static Discharge         Conj/Air       0%         N/A       58%         2
 Lesser Beckoning         Tloc           0%         N/A       83%         3
 Dispel Undead            Necr           0%         3d6       99%         4
 Sticky Flame             Conj/Fire      0%         2d3       99%         4
 Alistair's Intoxication  Tmut/Pois      0%         N/A       100%        5
 Borgnjor's Vile Clutch   Necr/Erth      0%         N/A       100%        5
 Manifold Assault         Tloc           0%         N/A       100%        5
 Eringya's Noxious Bog    Tmut/Pois      0%         N/A       100%        6
 Animate Dead             Necr           Unusable   N/A       N/A         4
 Haunt                    Necr/Summ      Unusable   N/A       N/A         7
 Infestation              Necr           Unusable   N/A       N/A         8

Dungeon Overview and Level Annotations

Branches:
Dungeon (8/15)             Temple (1/1) D:7
   Lair: D:8-11

Altars:
Ashenzari
Cheibriados
Dithmenos
Elyvilon
Fedhas
Gozag
Hepliaklqana
Kikubaaqudgha
Makhleb
Nemelex Xobeh
Okawaru
Qazlal
Ru
Sif Muna
Trog
Uskayaw
Vehumet
Wu Jian
Xom
Yredelemnul
Zin
The Shining One

Shops:
D:2 *   D:4 *   D:6 [   D:7 (

Annotations:
D:8 Erica, Joseph


Innate Abilities, Weirdness & Mutations

You are too large for most types of armour.
You have claws for hands.
Your natural rate of healing is unusually fast.
You are covered in fur. (AC +1)
You have tough skin. (AC +1)


Message History

Erica casts a spell.
Erica flickers and vanishes!
Deactivating autopickup; reactivate with Ctrl-A.
The yak gores you.
You scratch the yak.
You kill the yak!
Okawaru accepts your kill.
You claw something! Something hits you! Something burns you.
You mangle something!! Something hits you!
* * * LOW HITPOINT WARNING * * *
Something burns you.
* * * LOW HITPOINT WARNING * * *
You feel much better. Something hits you. Something burns you.
You closely miss something. You claw something! Something hits you.
Something burns you.
You miss something. Your claw misses something. Something hits you!
Something burns you.
* * * LOW HITPOINT WARNING * * *
You hear some strange, mumbled words.
You feel yourself slow down.
You hear some strange, mumbled words.
Something tries to affect you, but you resist.
Something hits you!
* * * LOW HITPOINT WARNING * * *
Something burns you.
* * * LOW HITPOINT WARNING * * *
Something hits you!
* * * LOW HITPOINT WARNING * * *
Something burns you.
* * * LOW HITPOINT WARNING * * *
Blink to where?
Press: ? - help, Dir - move target
As you read the scroll of blinking, it crumbles to dust.
You feel better. Something hits you!
* * * LOW HITPOINT WARNING * * *
Something burns you.
* * * LOW HITPOINT WARNING * * *
Something hits you!
You die...

#.# #.# ###########.####.#
#...#.......#....#
#.#.#.#######....# #.#<#.#
#....# #.###.# ####.#
#.....# ########.######
############.....[#......##
.
).........@................
..
.....)..####.####........##
... .######.#
#.####........# ....
#......####.#...........##
.....
#.....Y##Y..#.###.......##
......#.......#.###.#
#.......##
................# #.#
#..#######
......#######.###
#.###..####### ..... #).#
#.............


There were no monsters in sight!

Vanquished Creatures
  A komodo dragon (D:6)
  Prince Ribbit (D:7)
  2 yaks (D:8)
  An ice beast (D:5)
  2 black bears
  An ogre (D:6)
  A centaur (D:8)
  3 phantoms
  3 kobold brigands
  Blork the orc (D:6)
  2 bullfrogs
  A necrophage (D:5)
  2 scorpions
  A howler monkey (D:7)
  2 hounds
  A jelly (D:6)
  An orc priest (D:4)
  Jessica (D:3)
  2 iguanas
  2 orc wizards
  9 adders
  A shadow imp (D:7)
  2 worms
  3 dart slugs
  17 orcs
  11 bats
  8 endoplasms
  2 giant cockroaches
  8 goblins
  5 hobgoblins
  5 jackals
  4 quokkas
  5 ball pythons
  4 frilled lizards
  37 kobolds
  3 rats
155 creatures vanquished.

Vanquished Creatures (others)
  A kobold (D:4)
  12 plants (D:4)
13 creatures vanquished.

Grand Total: 168 creatures vanquished

Notes
Turn   | Place    | Note
-------+----------+-------------------------------------------
     0 | D:1      | hquester the Troll Monk began the quest for the Orb.
     0 | D:1      | Reached XP level 1. HP: 22/22 MP: 0/0
    76 | D:1      | Found a faded altar of an unknown god.
   105 | D:1      | Reached XP level 2. HP: 29/29 MP: 1/1
   429 | D:1      | Reached XP level 3. HP: 33/36 MP: 2/2
   924 | D:2      | Identified the +1 chain mail "Latuick" {Int+4}
  1256 | D:2      | Found Fevael's General Store.
  1390 | D:2      | Reached XP level 4. HP: 44/44 MP: 3/3
  1449 | D:3      | Noticed Jessica
  1453 | D:3      | Killed Jessica
  1454 | D:3      | Reached skill level 3 in Fighting
  1524 | D:3      | Identified the +1 pair of boots "Qydwo" {Int+4 Dex+6}
  1752 | D:3      | Reached XP level 5. HP: 42/53 MP: 4/4
  1789 | D:3      | Found a bloodstained altar of Trog.
  2013 | D:4      | Found Pisazoizai's Assorted Antiques.
  2139 | D:4      | Reached skill level 4 in Fighting
  2139 | D:4      | Reached XP level 6. HP: 5/62 MP: 5/5
  2803 | D:5      | Entered Level 5 of the Dungeon
  2978 | D:5      | Reached XP level 7. HP: 69/71 MP: 6/6
  3133 | D:5      | Reached skill level 5 in Fighting
  3186 | D:5      | Reached skill level 5 in Unarmed Combat
  3975 | D:6      | Noticed Blork the orc
  4016 | D:6      | Killed Blork the orc
  4017 | D:6      | Reached XP level 8. HP: 27/83 MP: 7/7
  4156 | D:6      | Found Xocopt's Armour Boutique.
  4169 | D:6      | Reached skill level 6 in Fighting
  4194 | D:6      | Bought a +0 cloak for 63 gold pieces
  4282 | D:6      | Noticed a komodo dragon
  4302 | D:6      | Killed a komodo dragon
  4303 | D:6      | Reached skill level 1 in Armour
  4303 | D:6      | Reached skill level 5 in Dodging
  4488 | D:7      | Noticed Prince Ribbit
  4499 | D:7      | Killed Prince Ribbit
  4739 | D:7      | Reached skill level 7 in Fighting
  4772 | D:7      | Found a staircase to the Ecumenical Temple.
  4796 | D:7      | Reached XP level 9. HP: 61/93 MP: 4/8
  4960 | D:7      | Found Qenuamir's Weapon Boutique.
  5092 | Temple   | Entered the Ecumenical Temple
  5428 | Temple   | Became a worshipper of Warmaster Okawaru
  5428 | Temple   | Reached * piety under Okawaru
  5428 | Temple   | Reached ** piety under Okawaru
  5634 | D:8      | Noticed Joseph
  5662 | D:8      | Noticed Erica
  5697 | D:8      | HP: 4/93 [something (5)]
  5698 | D:8      | Slain by Erica

Illustrated notes

Levels and vault maps discovered:
D:1:      scummos_arrival_simple_fountains, layout_basic,
          dreamdust_ecumenical_altar_statues, minmay_misc_feat_tower
D:2:      minmay_wonky_spiral, layout_loops_cross, serial_shops,
          nicolae_shop_advertising_works [nicolae_subvault_shop_adworks],
          palyth_stone_intersect
D:3:      layout_rooms, lightli_temple_of_fire, uniq_jessica
D:4:      kennysheep_kobold_camp, layout_basic, serial_shops, shop, st_stairs_10
D:5:      layout_basic, kennysheep_crisscross
D:6:      layout_rooms, serial_shops, shop, uniq_blork_the_orc
D:7:      layout_rooms, minmay_temple_entry_wispy, serial_shops,
          nicolae_shop_bloodbath_and_beyond, uniq_prince_ribbit1
D:8:      layout_basic, uniq_erica, uniq_joseph
Temple:   mainiacjoe_temple_circle_huts

Skill      XL: |  1  2  3  4  5  6  7  8 |
---------------+-------------------------+-----
Fighting       | 3 4 5 7 |  7.4
Dodging        | 3 4 5 |  5.6
Unarmed Combat | 4 5 6 |  6.7
Armour         | 2 |  2.4
Stealth        | |  1.4

Action                   |  1- 3 |  4- 6 |  7- 9 || total
-------------------------+-------+-------+-------++-------
Melee: Unarmed           |   124 |   189 |   189 ||   502
       Punch             |     1 |     3 |     6 ||    10
  Use: Scroll            |       |       |    19 ||    19
       Potion            |       |       |     5 ||     5
 Stab: Sleeping          |     5 |     6 |     2 ||    13
       Distracted        |       |     1 |     1 ||     2
Armor: Robe              |    51 |    72 |    37 ||   160
Dodge: Dodged            |    66 |   104 |   112 ||   282

Table legend: (Time is in decaauts)
 A = Elapsed time spent in this place.
 B = Non-inter-level travel time spent in this place.
 C = Inter-level travel time spent in this place.
 D = Time resting spent in this place.
 E = Time spent auto-exploring this place.
 F = Levels seen in this place.
 G = Mean time per level.
                   A        B        C        D        E       F      G
               +--------+--------+--------+--------+--------+-----+--------+
         Total |   5658 |   5397 |    261 |     83 |   3916 |   9 |  628.7 |
       Dungeon |   5292 |   5086 |    206 |     83 |   3636 |   8 |  661.5 |
        Temple |    365 |    311 |     54 |      0 |    280 |   1 |  365.0 |
               +--------+--------+--------+--------+--------+-----+--------+

Top non-repeatable levels by time:
     D:5: 1051 daAuts
     D:4: 892 daAuts
     D:1: 775 daAuts
     D:2: 664 daAuts
     D:6: 621 daAuts
     D:7: 616 daAuts
     D:3: 448 daAuts
  Temple: 365 daAuts
     D:8: 222 daAuts
